cohdb
Replays
Latest Replays
All Replays
Popular Replays
Top Player Replays
Match Explorer
How It Works
Community
CoH3 Stats
Reddit
Sign in to upload your games and track your stats! →
Sign in with Steam
Match 42685187
Unlisted
Match 42685187
Overview
Messages
Build Orders
End
Construct Infanterie Kompanie
Selects Breakthrough Battlegroup
Selects Assault Grenadiers
Grenadier Squad
MG 42 Machine Gun Team
Sniper
Grenadier Squad
Construct Panzergrenadier Kompanie
251 Medium Carrier
Selects Rapid Production
Pak 40 Anti-tank Gun Team
Selects Breakthrough
Panzergrenadier Squad
Construct Panzer Kompanie
Selects Blitzkrieg
Pioneer Squad
Stoßtruppen Squad
Selects Panzer IV Command Tank Sd.Kfz. 161/1
Panzer IV Command Tank
Panzer IV Medium Tank
罐头鸟巢
Valkyrie_Tone
乌拉
MonikaのPants
Henry Shi
wila
LittleFatty233
FORTIS_FRTUNA
0
0
Comments
sign in to comment!
No comments posted yet!